 Dungeon Crawl Stone Soup version 0.28-a0-643-g84cb2ea78e (webtiles) character file.

Game seed: 10621123115921074533

147 Tauromancer the Magician (level 5, -16/35 HPs)
             Began as a Djinni Fire Elementalist on Oct 10, 2021.
             Demolished by an ogre (20 damage)
             ... on level 3 of the Dungeon on Oct 11, 2021.
             The game lasted 00:23:17 (3989 turns).

Tauromancer the Magician (Djinni Fire Elementalist) Turns: 3989, Time: 00:23:18

Health: -16/35     AC:  4    Str:  7    XL:     5   Next: 54%
Gold:   154        EV: 13    Int: 18    God:
                   SH:  0    Dex: 13

rFire   + + .      SeeInvis .   d - staff of earth
rCold   x . .      Faith    .   (no shield)
rNeg    . . .      Spirit   .   a - +0 robe
rPois   ∞          Reflect  .   (no helmet)
rElec   .          Harm     .   o - +1 cloak
rCorr   .          Rampage  .   (no gloves)
Will    .....                   (boots unavailable)
Stlth   ++........              (no amulet)
HPRegen 0.11/turn               (no ring)
MPRegen 0.00/turn               (no ring)

@: flying, very slightly contaminated
A: sickness immunity, fire resistance 2, cold vulnerability 1, float, innate
caster, hp casting, extra vitality 1
a: no special abilities


You were on level 3 of the Dungeon.
You visited 1 branch of the dungeon, and saw 4 of its levels.

You collected 154 gold pieces.

Inventory:

Armour
 a - a +0 robe (worn)
 o - a +1 cloak (worn)
 s - a +2 kite shield
Magical Staves
 d - a staff of earth (weapon)
Jewellery
 b - a ring of positive energy
Scrolls
 c - a scroll of teleportation
 g - a scroll of blinking
 h - a scroll of enchant armour
 m - 2 scrolls of magic mapping
 n - 2 scrolls of immolation
Potions
 i - a potion of curing
 j - a potion of haste {unknown}
 k - a potion of attraction {unknown}


   Skills:
 + Level 1.2 Staves
 + Level 3.1 Dodging
 + Level 2.3 Stealth
 * Level 2.1 Shields
 + Level 3.2 Spellcasting


You couldn't memorise any spells.
You knew the following spells:

 Your Spells              Type           Power      Damage    Failure   Level
a - Foxfire               Conj/Fire      56%        2x1d6     4%          1
b - Scorch                Fire           28%        2d6       6%          2
c - Conjure Flame         Conj/Fire      14%        6-21      13%         3
d - Inner Flame           Hex/Fire       14%        N/A       13%         3
e - Flame Wave            Conj/Fire      14%        3d5       38%         4
f - Beastly Appendage     Tmut           28%        N/A       4%          1
g - Ensorcelled Hibernat  Hex/Ice        28%        N/A       6%          2
Your spell library was empty.

Dungeon Overview and Level Annotations

Branches:
Dungeon (4/15)
 Temple: D:4-7

Altars:


Innate Abilities, Weirdness & Mutations

You are immune to sickness and miasma.
You are immune to poison.
Your flesh is very heat resistant. (rF++)
You are vulnerable to cold. (rC-)
You float through the air rather than walking.
You learn spells naturally, not from books.
Your magical power is your life essence.
You have superior vitality. (+4 HP)


Message History

There is a stone staircase leading up here.
The ogre misses you.
You fly upwards.
There is a stone staircase leading down here.
Casting: Scorch (safe; 6% risk of failure)
Confirm with . or Enter, or press ? or * to list all spells.
Aiming: Ensorcelled Hibernation (safe; 6% risk of failure)
Press: ? - help, Shift-Dir - straight line, f - ogre
Aim: an ogre, wielding a +0 giant club (chance to affect: 45%)
The ogre resists with some effort.
Casting: Ensorcelled Hibernation (safe; 6% risk of failure)
Confirm with . or Enter, or press ? or * to list all spells.
Aiming: Ensorcelled Hibernation (safe; 6% risk of failure)
Press: ? - help, Shift-Dir - straight line, f/p - ogre
Aim: an ogre, wielding a +0 giant club (chance to affect: 45%)
The ogre looks drowsy...
Casting: Ensorcelled Hibernation (safe; 6% risk of failure)
Confirm with . or Enter, or press ? or * to list all spells.
You conjure some foxfire!
The ogre shouts!
The foxfire hits the ogre.
The ogre is lightly wounded.
The foxfire hits the ogre.
The ogre is moderately wounded.
Casting: Foxfire (safe; 4% risk of failure)
Confirm with . or Enter, or press ? or * to list all spells.
You miscast Scorch.
You are very lightly contaminated with residual magic.
Nothing appears to happen.
The ogre hits you with a +0 giant club!
* * * LOW HITPOINT WARNING * * *
Casting: Scorch (safe; 6% risk of failure)
Confirm with . or Enter, or press ? or * to list all spells.
Aiming: Ensorcelled Hibernation (safe; 6% risk of failure)
Press: ? - help, Shift-Dir - straight line, f/p - ogre
Aim: an ogre, wielding a +0 giant club (moderately wounded, not susceptible)
The ogre is unaffected.
* * * LOW HITPOINT WARNING * * *
The ogre hits you with a +0 giant club!!
Ouch! That really hurt!
You die...

..# #.# ######...##.##.#.....
..## #####....................
...######.#.#....................
...##.......#................#.##
......###.#.######.<.##......#.#
######..###................###(##
##....#####.#####....########.#.#
...#........#.........^# #.###.
##...######.###.@......# ##.#.#
##.....#.#####O.......# ##...
#######.##)..........# ##.#
#.##..#........# #..
#.##..#........########.#
#<.>.................##..
##.#..#.#.##.#######.####
#.#..#.#.#...# #.......#
#.#.......>#.# #.##....#


You could see an ogre.

Vanquished Creatures
  A centaur skeleton (D:4)
  6 adders
  A dart slug (D:2)
  2 orcs (D:3)
  6 endoplasms
  A giant cockroach (D:3)
  8 goblins
  4 hobgoblins
  7 jackals
  A quokka (D:1)
  6 ball pythons
  7 bats
  A frilled lizard (D:2)
  4 kobolds
  6 rats
61 creatures vanquished.

Vanquished Creatures (others)
  130 foxfires
130 creatures vanquished.

Grand Total: 191 creatures vanquished

Notes
Turn   | Place    | Note
-------+----------+-------------------------------------------
     0 | D:1      | Tauromancer the Djinni Fire Elementalist began the quest
                  | for the Orb.
     0 | D:1      | Reached XP level 1. HP: 15/15 MP: 0/0
   260 | D:1      | Reached XP level 2. HP: 16/21 MP: 0/0
   784 | D:1      | Reached XP level 3. HP: 21/25 MP: 0/0
   784 | D:1      | Learned a level 1 spell: Beastly Appendage
  1004 | D:1      | Found a faded altar of an unknown god.
  1510 | D:2      | Reached XP level 4. HP: 16/31 MP: 0/0
  1679 | D:2      | Reached skill level 1 in Shields
  1944 | D:2      | Reached skill level 1 in Staves
  2853 | D:3      | Reached XP level 5. HP: 24/35 MP: 0/0
  2853 | D:3      | Learned a level 2 spell: Ensorcelled Hibernation
  3930 | D:4      | Noticed an ogre
  3989 | D:3      | Demolished by an ogre

Illustrated notes

Levels and vault maps discovered:
D:1:      evilmike_arrival_rings, layout_basic,
          shapermc_ecumenical_altar_ellora, minmay_misc_feat_doors,
          minmay_hexomino_u4
D:2:      layout_loops_ring, kennysheep_generic_room_15
D:3:      layout_loops_cross, kennysheep_minor_cross,
          kennysheep_decorative_pillar, grunt_decor_fettered
D:4:      layout_cave_pools, lemuel_doored_altar, serial_rivers,
          chequers_serial_rivers_room_b, chequers_serial_rivers_small_3,
          chequers_serial_rivers_micro_b, chequers_serial_rivers_room_b

Skill      XL: |  1  2  3  4  5 |
---------------+----------------+-----
Spellcasting   | 3 |  3.2
Stealth        | 2 |  2.3
Shields        | 1 2 |  2.1
Staves         | 1 |  1.2
Dodging        | 3 |  3.1

Action                   |  1- 3 |  4- 6 || total
-------------------------+-------+-------++-------
Melee: Staff             |     5 |     1 ||     6
 Cast: Foxfire           |    30 |    50 ||    80
       Scorch            |     5 |    16 ||    21
       Ensorcelled Hiber |       |     3 ||     3
  Use: Scroll            |       |     9 ||     9
Armor: Robe              |     2 |     2 ||     4
Dodge: Dodged            |    13 |    19 ||    32

Table legend: (Time is in decaauts)
 A = Elapsed time spent in this place.
 B = Non-inter-level travel time spent in this place.
 C = Inter-level travel time spent in this place.
 D = Time resting spent in this place.
 E = Time spent auto-exploring this place.
 F = Levels seen in this place.
 G = Mean time per level.
                   A        B        C        D        E       F      G
               +--------+--------+--------+--------+--------+-----+--------+
         Total |   3989 |   3778 |    211 |    906 |   2422 |   4 |  997.2 |
       Dungeon |   3989 |   3778 |    211 |    906 |   2422 |   4 |  997.2 |
               +--------+--------+--------+--------+--------+-----+--------+

Top non-repeatable levels by time:
     D:2: 1504 daAuts
     D:1: 1278 daAuts
     D:3: 1079 daAuts
     D:4: 127 daAuts
